 Dungeon Crawl Stone Soup version 0.30-a0-168-g0b976cbdc4 (webtiles) character file.

Game seed: 9338068888582314759

181 qw the Chopper (level 5, -6/32 HPs)
             Began as a Gargoyle Fighter on Sept 29, 2022.
             Mangled by Duvessa
             ... wielding a +0 rapier
              (7 damage)
             ... on level 4 of the Dungeon.
             The game lasted 00:01:12 (2639 turns).

qw the Chopper (Gargoyle Fighter)                   Turns: 2639, Time: 00:01:12

Health: -6/32      AC: 13    Str: 21    XL:     5   Next: 61%
Magic:  5/5        EV:  7    Int:  9    God:
Gold:   171        SH:  4    Dex:  9    Spells: 4/4 levels left

rFire   . . .      SeeInvis .    Y - +1 war axe
rCold   . . .      Faith    .    c - +0 buckler
rNeg    + . .      Spirit   .    k - +0 chain mail
rPois   inf        Reflect  .    (no helmet)
rElec   +          Harm     .    (no cloak)
rCorr   .          Rampage  .    (no gloves)
Will    .....                    (no boots)
Stlth   ..........               l - amulet of regeneration
HPRegen 0.90/turn                (no ring)
MPRegen 0.09/turn                (no ring)

@: about to teleport
A: sickness immunity, AC +4, negative energy resistance 1, electricity
resistance, torment resistance 1, petrification resistance
a: no special abilities


You were on level 4 of the Dungeon.
You visited 1 branch of the dungeon, and saw 4 of its levels.

You collected 171 gold pieces.


Innate Abilities, Weirdness & Mutations

You are immune to sickness and miasma.
Your stone body is resilient. (AC +4)
You are immune to poison.
You resist negative energy. (rN+)
You are resistant to electric shocks. (rElec)
You are resistant to unholy torment.
You are immune to petrification.


   Skills:
 + Level 3.3 Fighting
 - Level 5.1 Axes
 - Level 3.2 Armour
 - Level 3.2 Shields


You had 4 spell levels left.
You didn't know any spells.
Your spell library was empty.

Inventory:

Hand Weapons
 a - a +1 mace of draining
 Y - a +1 war axe (weapon)
Armour
 c - a +0 buckler (worn)
 k - a +0 chain mail (worn)
Jewellery
 l - an amulet of regeneration (around neck)
Scrolls
 f - a scroll of identify
Potions
 d - 5 potions of might
 e - a potion of haste
 h - a potion of heal wounds {unknown}
 i - a potion of mutation {unknown}
 j - a potion of degeneration {unknown}

Dungeon Overview and Level Annotations

Branches:
Dungeon (4/15)
 Temple: D:4-7

Altars:
Qazlal

Annotations:
D:4 Dowan, Duvessa


Message History

Found a scroll of identify.
Found a stone staircase leading down.
There is a stone staircase leading up here.
There are monsters nearby!
Existing waypoints: (1) D:2 (2) D:3 Assign waypoint to what number? (0-9, D - delete waypoint) Waypoint 1 re-assigned from D:2 to D:4.
2630 ||| PLANNING SEWER Duvessa drinks a potion.
Duvessa goes berserk!
You closely miss Dowan. Dowan hits you but does no damage.
You closely miss Duvessa. You completely miss Dowan. Duvessa barely misses you.
You block Duvessa's attack. Dowan hits you but does no damage.
You hit Duvessa but do no damage. You closely miss Dowan.
Duvessa hits you but does no damage. Dowan barely misses you.
You block Duvessa's attack.
You barely miss Duvessa. You slash Dowan! Duvessa hits you with a +0 rapier!
Dowan hits you but does no damage. Duvessa hits you but does no damage.
You miss Dowan.
Dowan is moderately wounded.
You hit Duvessa but do no damage. Duvessa hits you with a +0 rapier.
Dowan hits you but does no damage. Duvessa closely misses you.
Dowan hits you but does no damage.
You hit Dowan.
Dowan is moderately wounded.
You hit Duvessa. You block Duvessa's attack. Dowan hits you but does no damage.
Duvessa hits you with a +0 rapier!
You closely miss Dowan.
Dowan is moderately wounded.
You slash Duvessa! Duvessa hits you with a +0 rapier!
Dowan hits you with a +0 dagger. Duvessa hits you but does no damage.
2639 ||| READING scroll of teleportation.
As you read the scroll of teleportation, it crumbles to dust.
You feel strangely unstable. Dowan hits you but does no damage.
Duvessa hits you with a +0 rapier!
You die...

#########
#.....?.#
#......<#
###.>.....#
......e@..#
###...e...#
#..........
#.......####
#########


You could see Duvessa (berserk) and Dowan.

Vanquished Creatures
  An orc priest (D:3)
  A jelly (D:3)
  Ijyb (D:3)
  An adder (D:1)
  2 worms (D:2)
  A dart slug (D:1)
  4 orcs (D:3)
  7 endoplasms
  5 giant cockroaches
  9 goblins
  8 hobgoblins
  4 quokkas
  5 ball pythons
  6 bats
  3 frilled lizards
  9 kobolds
  7 rats
74 creatures vanquished.

Notes
Turn   | Place    | Note
-------+----------+-------------------------------------------
     0 | D:1      | qw the Gargoyle Fighter began the quest for the Orb.
     0 | D:1      | Reached XP level 1. HP: 14/14 MP: 1/1
     0 | D:1      | 0 ||| qw: Version: 0.2-a-12-gaebbb33
     0 | D:1      | 0 ||| qw: Game counter: 1179
     0 | D:1      | 0 ||| qw: Always use a shield: true
     0 | D:1      | 0 ||| qw: God list: Okawaru
     0 | D:1      | 0 ||| qw: Allow faded altars: false
     0 | D:1      | 0 ||| qw: Do Orc after D:15 true
     0 | D:1      | 0 ||| qw: Do second Lair branch before Depths: true
     0 | D:1      | 0 ||| qw: Lair rune preference: random
     0 | D:1      | 0 ||| qw: Plans: Normal, Zot:1-4, God:TSO, Crypt, Tomb,
                  | Pan, Slime:5, Hells, Abyss, Orb
     0 | D:1      | 0 ||| PLANNING D:1-11
    23 | D:1      | Reached skill level 2 in Axes
   119 | D:1      | Reached XP level 2. HP: 19/19 MP: 2/2
   243 | D:1      | 243 ||| Stepping ~*~*~tactically~*~*~ (stealth).
   338 | D:1      | 338 ||| Stepping ~*~*~tactically~*~*~ (stealth).
   443 | D:1      | 443 ||| Stepping ~*~*~tactically~*~*~ (stealth).
   448 | D:1      | Reached skill level 3 in Axes
   509 | D:1      | Reached XP level 3. HP: 22/23 MP: 3/3
   529 | D:1      | 529 ||| Stepping ~*~*~tactically~*~*~ (stealth).
   669 | D:1      | 669 ||| Stepping ~*~*~tactically~*~*~ (stealth).
   670 | D:1      | 670 ||| Stepping ~*~*~tactically~*~*~ (stealth).
   671 | D:1      | 671 ||| Stepping ~*~*~tactically~*~*~ (stealth).
   672 | D:1      | 672 ||| Stepping ~*~*~tactically~*~*~ (stealth).
   707 | D:1      | 707 ||| DROPPING +0 club.
  1094 | D:1      | 1094 ||| UPGRADING to amulet of regeneration.
  1099 | D:1      | 1099 ||| READING scroll labelled WOEBOVAUGA.
  1100 | D:1      | 1100 ||| READING scroll labelled OMMOVVI ROSSIQ.
  1101 | D:1      | 1101 ||| READING 3 scrolls labelled JINIELL VEHICA.
  1106 | D:1      | 1106 ||| READING scroll labelled ZIVEZU QISIE.
  1107 | D:1      | 1107 ||| READING scroll labelled QOIN GEALA RAM.
  1108 | D:1      | 1108 ||| READING scroll labelled GYGYN DAPYI.
  1109 | D:1      | 1109 ||| READING scroll labelled QOS MEHIFUTHI.
  1122 | D:2      | 1122 ||| STAIRDANCE
  1136 | D:2      | 1136 ||| STAIRDANCE
  1252 | D:2      | Reached XP level 4. HP: 21/28 MP: 4/4
  1573 | D:2      | Reached skill level 4 in Axes
  1733 | D:2      | Found a stormy altar of Qazlal.
  1869 | D:2      | 1869 ||| READING scroll labelled CEKERUTONI.
  1870 | D:2      | 1870 ||| READING 2 scrolls labelled SAZXIXUICUEL.
  1940 | D:3      | 1940 ||| Stepping ~*~*~tactically~*~*~ (stealth).
  1943 | D:3      | 1943 ||| Stepping ~*~*~tactically~*~*~ (stealth).
  1959 | D:3      | 1959 ||| Stepping ~*~*~tactically~*~*~ (stealth).
  2085 | D:3      | Noticed Ijyb
  2090 | D:3      | Reached XP level 5. HP: 14/32 MP: 5/5
  2092 | D:3      | HP: 5/32 [orc/+0 trident (6)]
  2093 | D:3      | 2093 ||| READING 3 scrolls of teleportation.
  2172 | D:3      | 2172 ||| DROPPING +0 whip.
  2302 | D:3      | 2302 ||| FLEEEEING.
  2303 | D:3      | 2303 ||| FLEEEEING.
  2304 | D:3      | 2304 ||| FLEEEEING.
  2305 | D:3      | 2305 ||| FLEEEEING.
  2307 | D:3      | 2307 ||| STAIRDANCE
  2319 | D:2      | 2319 ||| READING scroll labelled WEWUNK ZAMUPSIA.
  2326 | D:2      | 2326 ||| READING 2 scrolls of identify.
  2326 | D:2      | 2326 ||| IDENTIFYING golden potion
  2339 | D:3      | Killed Ijyb
  2346 | D:3      | HP: 4/32 [orc priest/divine providence (13)]
  2347 | D:3      | 2347 ||| READING 2 scrolls of teleportation.
  2349 | D:3      | Reached skill level 5 in Axes
  2452 | D:3      | Found a faded altar of an unknown god.
  2487 | D:3      | 2487 ||| Stepping ~*~*~tactically~*~*~ (stealth).
  2488 | D:3      | 2488 ||| Stepping ~*~*~tactically~*~*~ (stealth).
  2604 | D:3      | 2604 ||| UPGRADING to +0 chain mail.
  2614 | D:3      | 2614 ||| DROPPING +0 scale mail.
  2629 | D:4      | Noticed Duvessa
  2629 | D:4      | Noticed Dowan
  2630 | D:4      | 2630 ||| PLANNING SEWER
  2638 | D:4      | HP: 6/32 [Duvessa/+0 rapier (8)]
  2638 | D:4      | HP: 1/32 [Dowan/+0 dagger (5)]
  2639 | D:4      | 2639 ||| READING scroll of teleportation.
  2639 | D:4      | Mangled by Duvessa

Levels and vault maps discovered:
D:1:      dpeg_arrival_short_road, layout_loops_cross
D:2:      layout_loops_ring, basic_altar
D:3:      layout_basic, basic_ecumenical_altar, uniq_ijyb
D:4:      layout_loops_ring, mainiacjoe_overflow_alcove_2, portal_sewer_entry_e,
          uniq_duvessa, uniq_sigmund

Skill      XL: |  1  2  3  4  5 |
---------------+----------------+-----
Axes           | 2 3 4 5 |  5.1
Fighting       | |  3.3
Armour         | |  3.2
Shields        | |  3.2

Action                   |  1- 3 |  4- 6 || total
-------------------------+-------+-------++-------
Melee: War axe           |   132 |   101 ||   233
Throw: Boomerang         |    15 |       ||    15
  Use: Scroll            |     7 |     7 ||    14
Armor: Scale mail        |    65 |    45 ||   110
       Chain mail        |       |    10 ||    10
Dodge: Dodged            |    61 |    55 ||   116
Block: Buckler           |    25 |    20 ||    45

Table legend:
 A = Non-vault XP
 B = Vault XP
 C = Vault XP percentage of total XP
 D = Non-vault monster count
 E = Vault monster count
 F = Vault count percentage of total count
                 A         B        C        D         E       F
            +---------+---------+-------+---------+---------+-------
      Total |     224 |      35 |  13.5 |      73 |       1 |   1.4
            +---------+---------+-------+---------+---------+-------
        D:1 |      71 |       0 |   0.0 |      36 |       0 |   0.0
        D:2 |      35 |       0 |   0.0 |      16 |       0 |   0.0
        D:3 |     118 |      35 |  22.9 |      21 |       1 |   4.5
            +---------+---------+-------+---------+---------+-------
